 Dungeon Crawl Stone Soup version 0.18.1-48-g4cf74bf (webtiles) character file.

88 Mesmaeker13 the Chopper (level 4, -3/35 HPs)
             Began as a Demonspawn Gladiator on Aug 3, 2016.
             Was an Initiate of Makhleb.
             Slain by Crazy Yiuf
             ... wielding a +4 quarterstaff of chaos
              (9 damage)
             ... while paralysed by Crazy Yiuf
             ... on level 2 of the Dungeon.
             The game lasted 00:02:56 (1591 turns).

Mesmaeker13 the Chopper (Demonspawn Gladiator)      Turns: 1591, Time: 00:02:57

Health: -3/35      AC:  8    Str: 15    XL:     4   Next: 29%
Magic:  4/4        EV:  2    Int: 11    God:    Makhleb [......]
Gold:   113        SH:  0    Dex: 13    Spells: 0 memorised, 3 levels left

rFire  . . .     SeeInvis .     a - +0 war axe
rCold  . . .     Gourm    .     e - +0 scale mail
rNeg   . . .     Faith    .     (no shield)
rPois  .         Spirit   .     c - +0 helmet
rElec  .         Dismiss  .     (no cloak)
rCorr  .         Reflect  .     (no gloves)
SustAt .         Harm     .     u - +0 pair of boots
MR     .....                    (no amulet)
Stlth  ..........               (no ring)
                                (no ring)

@: paralysed, very slightly contaminated, invisible, not resistant to hostile
enchantments, extremely unstealthy
A: hooves 1, rot immunity
a: Renounce Religion


You were on level 2 of the Dungeon.
You worshipped Makhleb.
Makhleb was noncommittal.
You were hungry.

You visited 1 branch of the dungeon, and saw 2 of its levels.

You collected 113 gold pieces.

Inventory:

Hand Weapons
 a - a +0 war axe (weapon)
Missiles
 d - 3 throwing nets (quivered)
Armour
 c - a +0 helmet (worn)
 e - a +0 scale mail (worn)
 g - a cursed -2 robe
 q - a +0 chain mail
 u - a +0 pair of boots (worn)
Scrolls
 b - a scroll of blinking {unknown}
 i - 4 scrolls of remove curse {unknown}
 k - a scroll of magic mapping {unknown}
 n - a scroll of enchant weapon {unknown}
 o - 2 scrolls of identify {unknown}
 p - a scroll of amnesia {unknown}
Potions
 h - 2 potions of curing {unknown}
 j - a potion of agility {unknown}
 s - a potion of cancellation {unknown}
 t - a potion of degeneration {unknown}
 w - a potion of lignification {unknown}
Comestibles
 f - 2 bread rations
 l - 5 fruits
 r - 3 chunks of flesh
 v - a slice of pizza


   Skills:
 + Level 3.4 Fighting
 + Level 3.9 Axes
 - Level 1.7 Throwing
 - Level 2.6 Dodging


You had 3 spell levels left.
You didn't know any spells.

Dungeon Overview and Level Annotations

Branches:
Dungeon (2/15)

Altars:
Makhleb
Okawaru

Annotations:
D:2 Crazy Yiuf


Innate Abilities, Weirdness & Mutations

You have large cloven feet.
You are immune to rotting.


Message History

Crazy Yiuf barely misses you.
You closely miss Crazy Yiuf.
Crazy Yiuf sings, "Trees, trees, trees, circus!"
Crazy Yiuf barely misses you.
Crazy Yiuf whimpers, "Candle childish aubergine!"
Crazy Yiuf hits you with a quarterstaff of chaos!
You fade further into invisibility.
You closely miss Crazy Yiuf.
You are feeling hungry.
Crazy Yiuf barely misses you.
You hit Crazy Yiuf but do no damage.
Crazy Yiuf hits you with a quarterstaff of chaos!
You convulse!
* * * LOW HITPOINT WARNING * * *
You hit Crazy Yiuf but do no damage.
Crazy Yiuf hits you with a quarterstaff of chaos.
* * * LOW HITPOINT WARNING * * *
You suddenly lose the ability to move!
Crazy Yiuf hits you with a quarterstaff of chaos!
You die...

#..........................
#.######...................
#.# ############........
#.# #........ #.# #........
#.###♣♣ ### #........
#.....♣♣ ♣#..)# #....<...
#(.....♣♣♣♣g....# #......##
##......♣.@♣ #......#
##....♣.♣♣♣ #...####
###♣♣♣♣♣ #...# #...####
#######......#.
..........<....
.............#.
.........).### ...........#


You could see Crazy Yiuf.

Vanquished Creatures
  A hound (D:2)
  An adder (D:2)
  A dart slug (D:1)
  A giant gecko (D:1)
  4 giant cockroaches (D:2)
  5 goblins
  7 hobgoblins
  3 jackals (D:2)
  3 kobolds
  A quokka (D:2)
  2 ball pythons (D:1)
  3 bats (D:1)
  4 giant newts
  5 rats
41 creatures vanquished.

Notes
Turn   | Place    | Note
--------------------------------------------------------------
     0 | D:1      | Mesmaeker13 the Demonspawn Gladiator began the quest for the Orb.
     0 | D:1      | Reached XP level 1. HP: 16/16 MP: 1/1
   201 | D:1      | Gained mutation: You have large cloven feet. [demonic ancestry]
   201 | D:1      | Reached XP level 2. HP: 12/23 MP: 2/2
   763 | D:1      | Gained mutation: You are immune to rotting. [demonic ancestry]
   763 | D:1      | Reached XP level 3. HP: 28/28 MP: 3/3
  1077 | D:2      | Found an iron altar of Okawaru.
  1369 | D:2      | Found a burning altar of Makhleb.
  1386 | D:2      | Reached XP level 4. HP: 30/35 MP: 4/4
  1414 | D:2      | Became a worshipper of Makhleb the Destroyer
  1575 | D:2      | Noticed Crazy Yiuf
  1590 | D:2      | Paralysed by Crazy Yiuf for 4 turns
  1591 | D:2      | Slain by Crazy Yiuf

Skill      XL: |  1  2  3 |
---------------+----------+-----
Axes           | 3 |  3.9
Fighting       | 3 |  3.4
Throwing       | |  1.7
Dodging        | |  2.6

Action                   |  1- 3 |  4- 6 || total
-------------------------+-------+-------++-------
Melee: War axe           |   124 |    23 ||   147
       Kick              |    11 |       ||    11
  Use: Potion            |       |     1 ||     1
  Eat: Chunk             |     2 |       ||     2
Armor: Scale mail        |    54 |     8 ||    62
       Leather armour    |     4 |       ||     4
Dodge: Dodged            |    87 |    19 ||   106
